 Dungeon Crawl Stone Soup version 0.23-a0-577-g2b1de94 (webtiles) character file.

313 Leeroy the Slasher (level 6, -9/47 HPs)
             Began as a Merfolk Skald on Dec 14, 2018.
             Killed from afar by an orc wizard (10 damage)
             ... with a puff of flame
             ... on level 3 of the Dungeon.
             The game lasted 00:15:40 (3474 turns).

Leeroy the Slasher (Merfolk Skald)                  Turns: 3474, Time: 00:15:41

Health: -9/47      AC:  5    Str:  9 (12) XL:     6   Next: 43%
Magic:  5/9        EV: 18    Int: 11 (14) God:
Gold:   162        SH:  0    Dex: 15 (18) Spells: 3/9 levels left

rFire    . . .     SeeInvis .   y - +1 spear (pierce)
rCold    . . .     Gourm    .   (no shield)
rNeg     . . .     Faith    .   b - +0 leather armour
rPois    .         Spirit   .   f - +1 helmet
rElec    .         Reflect  .   (no cloak)
rCorr    .         Harm     .   (no gloves)
MR       .....                  (no boots)
Stlth    ++........             z - amulet of rage
HPRegen  0.15/turn              (no ring)
MPRegen  0.11/turn              (no ring)

@: agile, very slightly contaminated
A: change form in water, swift swim, stealthy swim
a: Evoke Berserk Rage


You were on level 3 of the Dungeon.
You were hungry.

You visited 1 branch of the dungeon, and saw 4 of its levels.

You collected 162 gold pieces.

Inventory:

Hand Weapons
 a - a +0 falchion
 h - a +0 short sword
 i - a +0 spear
 q - a +0 dagger
 r - a +0 hunting sling
 u - a +0 rapier
 w - a +1 dagger of holy wrath
 y - a +1 spear of piercing (weapon)
Missiles
 g - 196 stones (quivered)
 l - 20 bolts
 B - 4 javelins
 F - 21 arrows
Armour
 b - a +0 leather armour (worn)
 c - a +0 ring mail
 f - a +1 helmet (worn)
 k - a +0 chain mail
 v - a +0 ring mail
Jewellery
 e - a cursed ring of attention {unknown}
 s - an uncursed ring of resist corrosion
 t - an uncursed ring of ice
 x - a +3 ring of strength
 z - an amulet of rage (around neck)
 C - a cursed ring of teleportation {unknown}
Scrolls
 j - 3 scrolls of remove curse {unknown}
 n - 3 scrolls of enchant weapon {unknown}
 p - a scroll of fog {unknown}
 G - a scroll of fear {unknown}
 H - 3 scrolls of enchant armour {unknown}
Potions
 A - a potion of might {unknown}
 E - a potion of brilliance {unknown}
Comestibles
 d - 9 rations


   Skills:
 + Level 3.2 Fighting
 * Level 4.0 Long Blades
 * Level 4.0 Polearms
 + Level 1.7 Armour
 * Level 3.8 Dodging
 + Level 0.3 Stealth
 * Level 2.3 Spellcasting
 + Level 0.1 Hexes
 + Level 3.7 Charms


You had 3 spell levels left.
You knew the following spells:

 Your Spells              Type           Power        Failure   Level  Hunger
a - Infusion              Chrm           #...         9%          1    ##.....
b - Shroud of Golubria    Chrm/Tloc      #.........   26%         2    ###....
c - Spectral Weapon       Hex/Chrm       #.......     45%         3    ####...

Your spell library contained the following spells:

 Spells                   Type           Power        Failure   Level  Hunger
 Song of Slaying          Chrm           #.......     13%         2    ###....
 Regeneration             Chrm/Necr      #.........   47%         3    ####...


Dungeon Overview and Level Annotations

Branches:
Dungeon (4/15)
 Temple: D:4-7

Altars:

Annotations:
D:3 3 runed doors, Leeroy's ghost, amateur GnSk; Nr616's ghost, amateur TrMo; Ratty's ghost, amateur DENe; Zanta616's ghost, amateur GrFi


Message History

You hear some strange, mumbled words.
A puff of flame appears from out of thin air!
The puff of flame misses you. The orc hits you but does no damage.
There is an open door here.
A magic dart appears from out of thin air!
The magic dart hits you!
* * * LOW HITPOINT WARNING * * *
It was a potion of degeneration.
There was something very wrong with that liquid.
You feel weakened.
You feel dopey.
You feel clumsy. Something hits you.
* * * LOW HITPOINT WARNING * * *
It was a potion of agility.
You feel agile all of a sudden. Something hits you but does no damage.
Something closely misses you.
You hear some strange, mumbled words.
A puff of flame appears from out of thin air!
The puff of flame hits you!
You die...

#.# $.....#..#####.######## #.#
P.....+..# #.# #.# ⌠.....+..# #.#
## #.# P.....+.## ##)## #. ##.#
?...W.#.# ##...## ##. ...#
#8.)..#.# ##.....## #.. .###
##).8(#####.......###..
..##################.........##..
................@..o.........)...
..########.#....####.........##..
...# #.#.#.## ##.......###.# ##.#
##...## ##.....## #.# #.# ##.##
##...## #.# #.# #.# ##'## #.. #.#
#.# #)# ### #.# #.# #.# #.#
##.##### ##.##


You could see an orc.

Vanquished Creatures
  A phantom (D:3)
  An orc wizard (D:3)
  Robin (D:2)
  4 gnolls (D:3)
  4 adders
  An ooze (D:2)
  2 worms (D:2)
  2 dart slugs
  8 leopard geckos
  An orc (D:3)
  4 bats
  6 giant cockroaches
  19 goblins
  9 hobgoblins
  7 jackals (D:2)
  A quokka (D:3)
  7 frilled lizards
  7 kobolds
  5 rats
90 creatures vanquished.

Notes
Turn   | Place    | Note
-------+----------+-------------------------------------------
     0 | D:1      | Leeroy the Merfolk Skald began the quest for the Orb.
     0 | D:1      | Reached XP level 1. HP: 16/16 MP: 3/3
   150 | D:1      | Reached XP level 2. HP: 14/22 MP: 5/5
   154 | D:1      | Learned a level 2 spell: Shroud of Golubria
   723 | D:1      | Reached XP level 3. HP: 28/28 MP: 6/6
  1132 | D:2      | Noticed Robin
  1147 | D:1      | Learned a level 3 spell: Spectral Weapon
  1392 | D:2      | Reached skill level 1 in Armour
  1394 | D:2      | Killed Robin
  1394 | D:2      | Reached XP level 4. HP: 17/34 MP: 3/7
  1435 | D:2      | Reached skill level 1 in Polearms
  2443 | D:3      | Reached XP level 5. HP: 40/40 MP: 8/8
  2999 | D:3      | Found a runed gate.
  2999 | D:3      | Noticed Ratty's ghost (amateur DENe)
  3000 | D:3      | Found a runed gate.
  3000 | D:3      | Noticed Leeroy's ghost (amateur GnSk)
  3000 | D:3      | Noticed Nr616's ghost (amateur TrMo)
  3001 | D:3      | Found a runed gate.
  3001 | D:3      | Noticed Zanta616's ghost (amateur GrFi)
  3061 | D:3      | Noticed a phantom
  3094 | D:3      | Killed a phantom
  3094 | D:3      | Reached XP level 6. HP: 23/47 MP: 9/9
  3471 | D:3      | HP: 1/47 [something (2)]
  3474 | D:3      | Killed from afar by an orc wizard

Vault maps used:
D:1:      shiori_arrival_maze, dk_noncrumbling_2
D:2:      kennysheep_minor_cross, hex_large, uniq_robin
D:3:      gammafunk_ghost_cemetery, first_ration
D:4:      minmay_overflow_temple_hex, yredelemnul_altar_generic,
          minmay_temple_entry_water_ring

Skill      XL: |  1  2  3  4  5  6 |
---------------+-------------------+-----
Dodging        | 3 |  3.8
Long Blades    | 3 4 |  4.0
Armour         | 1 |  1.7
Polearms       | 1 3 4 |  4.0
Fighting       | 3 |  3.2
Stealth        | |  0.3
Spellcasting   | |  2.3
Hexes          | |  0.1
Charms         | |  3.7

Action                   |  1- 3 |  4- 6 || total
-------------------------+-------+-------++-------
Melee: Falchion          |    89 |    49 ||   138
       Spear             |       |   157 ||   157
       Tailslap          |       |     1 ||     1
Throw: Stone             |       |     2 ||     2
 Cast: Spectral Weapon   |     2 |     3 ||     5
       Shroud of Golubri |     2 |     2 ||     4
  Use: Potion            |     1 |     4 ||     5
       Scroll            |       |     5 ||     5
 Stab: Sleeping          |       |     2 ||     2
  Eat: Chunk             |     2 |     7 ||     9
Armor: Leather armour    |    35 |    73 ||   108
Dodge: Dodged            |   105 |   143 ||   248
       Rpst.: Falchion   |    32 |    13 ||    45

Table legend:
 A = Non-vault XP
 B = Vault XP
 C = Vault XP percentage of total XP
 D = Non-vault monster count
 E = Vault monster count
 F = Vault count percentage of total count
                 A         B        C        D         E       F
            +---------+---------+-------+---------+---------+-------
      Total |     408 |      40 |   8.9 |      76 |      14 |  15.6
            +---------+---------+-------+---------+---------+-------
        D:1 |      47 |      15 |  24.2 |      24 |       8 |  25.0
        D:2 |      77 |      25 |  24.5 |      31 |       6 |  16.2
        D:3 |     284 |       0 |   0.0 |      21 |       0 |   0.0
            +---------+---------+-------+---------+---------+-------
